 Dungeon Crawl Stone Soup version 0.16-a0-2038-g968ce0a (webtiles) character file.

571 Fiveotanaka the Basher (level 7, -5/70 HPs)
             Began as an Ogre Berserker on Nov 11, 2014.
             Was an Elder of Trog.
             Shot with an arrow of flame by a centaur (16 damage)
             ... on level 6 of the Dungeon.
             The game lasted 00:11:16 (5306 turns).

Fiveotanaka the Basher (Ogre Berserker)             Turns: 5306, Time: 00:11:16

Health: -5/70      AC:  3    Str: 23    XL:     7   Next: 34%
Magic:  7/7        EV: 14    Int:  6    God:    Trog [****..]
Gold:   179        SH:  0    Dex: 15    Spells: 0 memorised, 6 levels left

rFire  . . .     SeeInvis .     s - +0 flail
rCold  . . .     Clarity  .     m - +0 robe (curse)
rNeg   . . .     SustAb   .     (shield restricted)
rPois  .         Gourm    .     C - +0 hat "Aduefun" {Dex+4}
rElec  .         Spirit   .     (no cloak)
rCorr  .         Warding  .     (gloves unavailable)
rMut   .         Stasis   .     (boots unavailable)
MR     .....                    (no amulet)
Stlth  +.........               (no ring)
                                v - +4 ring of evasion

@: not resistant to hostile enchantments, very unstealthy
A: unfitting armour, tough skin 1
a: Burn Spellbooks, Berserk, Trog's Hand, Brothers in Arms, Renounce Religion


You were on level 6 of the Dungeon.
You worshipped Trog.
Trog was greatly pleased with you.
You were not hungry.

You visited 1 branch of the dungeon, and saw 6 of its levels.

You collected 179 gold pieces.

Inventory:

Hand weapons
 a - a +0 mace
 s - a +0 flail (weapon)
Armour
 b - a +0 animal skin
 i - a +0 robe
 k - a +0 robe
 m - a cursed +0 robe (worn)
 C - the +0 hat "Aduefun" (worn) {Dex+4}
   (You found it on level 5 of the Dungeon)

   It affects your dexterity (+4).
Jewellery
 v - a +4 ring of evasion (left hand)
Magical devices
 A - a wand of magic darts (32)
Scrolls
 e - a scroll of blinking {unknown}
 h - a scroll of enchant armour {unknown}
 j - 3 scrolls of remove curse {unknown}
 l - a scroll of recharging {unknown}
 r - a scroll of fear {unknown}
 t - 2 scrolls of magic mapping {unknown}
 w - a scroll of enchant weapon {unknown}
 x - 3 scrolls of teleportation {unknown}
 y - 5 scrolls of identify {unknown}
Potions
 d - 2 potions of invisibility {unknown}
 n - 4 potions of heal wounds {unknown}
 p - 5 potions of curing
 q - a potion of degeneration {unknown}
 u - a potion of agility {unknown}
 z - a potion of mutation {unknown}
 B - a potion of might {unknown}
Comestibles
 c - 2 meat rations
 f - 3 fruits
 g - 3 bread rations
 o - a beef jerky


   Skills:
 - Level 4.2 Fighting
 + Level 10.3 Maces & Flails
 - Level 1.7 Armour
 - Level 2.1 Dodging


You had 6 spell levels left.
You didn't know any spells.

Dungeon Overview and Level Annotations

Branches:
Dungeon (6/15)
 Temple: D:4-7

Altars:
Gozag
Qazlal
Ru


Innate Abilities, Weirdness & Mutations

You are too large for most types of armour.
You have tough skin (AC +1).


Message History

You hit the centaur.
The centaur is almost dead.
The centaur hits you. The hobgoblin hits you with a club.
The centaur shoots an arrow of flame.
The arrow of flame hits you! The arrow of flame burns you.
* * * LOW HITPOINT WARNING * * *
You hit the centaur.
The centaur is almost dead.
The centaur hits you.
* * * LOW HITPOINT WARNING * * *
The centaur shoots an arrow of flame.
The arrow of flame hits you.
* * * LOW HITPOINT WARNING * * *
The arrow of flame burns you.
* * * LOW HITPOINT WARNING * * *
Drink which item? (? for menu, Esc to quit)
You feel better.
It was a potion of curing.
The centaur hits you.
* * * LOW HITPOINT WARNING * * *
The hobgoblin hits you but does no damage.
The centaur shoots an arrow of flame.
The arrow of flame hits you!
You die...

#.#)## #..(.).#
#.#).# ######.##
.#.#.# #...###
#...#.# #.....#
.... #.. #(..#.#
.≈≈≈ ..# #####.#
≈... .# ##.##.#
≈._.
.####...#.#######
≈...
+.....g@...$.c...
≈
####..c#..######
#.......#
#.#.###.# #.#. .#
# #. .# #. .# ##


You could see 2 centaurs and a hobgoblin.

Vanquished Creatures
  A scorpion (D:5)
  A crimson imp (D:5)
  4 orc priests
  2 worker ants (D:5)
  2 orc wizards (D:5)
  An ogre skeleton (D:4)
  10 gnolls
  4 adders
  A shadow imp (D:5)
  A worm (D:3)
  A giant mite (D:1)
  2 giant geckos
  16 orcs
  4 ball pythons
  9 bats
  8 giant cockroaches
  15 hobgoblins
  6 kobolds
  A quokka (D:5)
  A giant mite zombie (D:5)
  2 giant newts
  8 goblins
  An orc zombie (D:5)
  11 rats
112 creatures vanquished.

Notes
Turn   | Place    | Note
--------------------------------------------------------------
     0 | D:1      | Fiveotanaka, the Ogre Berserker, began the quest for the Orb.
     0 | D:1      | Reached XP level 1. HP: 24/24 MP: 1/1
    61 | D:1      | Reached XP level 2. HP: 17/32 MP: 2/2
   407 | D:1      | Reached XP level 3. HP: 35/39 MP: 3/3
   452 | D:1      | Reached skill level 5 in Maces & Flails
   571 | D:1      | Acquired Trog's second power
  1527 | D:2      | Found an opulent altar of Gozag.
  1790 | D:2      | Reached XP level 4. HP: 46/48 MP: 4/4
  2226 | D:3      | Reached skill level 6 in Maces & Flails
  3069 | D:4      | Reached XP level 5. HP: 37/54 MP: 5/5
  3073 | D:4      | Reached skill level 7 in Maces & Flails
  3285 | D:4      | Noticed a water elemental
  3286 | D:4      | Found a stormy altar of Qazlal.
  3287 | D:4      | Noticed an earth elemental
  3287 | D:4      | Noticed a fire elemental
  3287 | D:4      | Noticed an air elemental
  3796 | D:5      | Entered Level 5 of the Dungeon
  3877 | D:5      | Reached skill level 8 in Maces & Flails
  3877 | D:5      | Reached XP level 6. HP: 41/62 MP: 6/6
  4251 | D:5      | Reached skill level 9 in Maces & Flails
  4672 | D:5      | Reached XP level 7. HP: 65/70 MP: 7/7
  4716 | D:5      | Got a bloodstained hat
  4722 | D:5      | Identified the +0 hat "Aduefun" {Dex+4} (You found it on level 5 of the Dungeon)
  5036 | D:5      | Reached skill level 10 in Maces & Flails
  5157 | D:6      | Acquired Trog's third power
  5178 | D:6      | Found a sacrificial altar of Ru.
  5306 | D:6      | Shot with an arrow of flame by a centaur

Action                   |  1- 3 |  4- 6 |  7- 9 || total
-------------------------+-------+-------+-------++-------
Melee: Mace              |    96 |    16 |       ||   112
       Flail             |       |   194 |    49 ||   243
  Use: Potion            |       |       |     1 ||     1
  Eat: Chunk             |     2 |    10 |     2 ||    14
